 Dungeon Crawl Stone Soup version 0.26-a0-61-g6c07f0ee8d (webtiles) character file.

Game seed: 1270072753074507166

945 BattleRest the Cudgeler (level 7, 53/56 HPs)
             Began as a Demonspawn Berserker on June 9, 2020.
             Was a Priest of Trog.
             Quit the game on level 5 of the Dungeon on July 10, 2020.
             The game lasted 00:11:52 (3948 turns).

BattleRest the Cudgeler (Demonspawn Berserker)      Turns: 3948, Time: 00:11:52

Health: 53/56      AC: 20    Str: 19    XL:     7   Next: 89%
Magic:  7/7        EV:  8    Int:  8    God:    Trog [***...]
Gold:   144        SH:  0    Dex: 17    Spells: 6/6 levels left

rFire    . . .     SeeInvis +   d - +0 mace (protect)
rCold    . . .     Gourm    .   (no shield)
rNeg     + . .     Faith    .   e - +1 chain mail (curse)
rPois    .         Spirit   .   (helmet restricted)
rElec    .         Reflect  .   p - +0 cloak
rCorr    .         Harm     .   (no gloves)
MR       .....     Rnd*Rage +   (no boots)
Stlth    ..........             (no amulet)
HPRegen  0.18/turn              t - ring of positive energy
MPRegen  0.10/turn              y - ring of see invisible

@: protection aura
A: horns 2, yellow scales 1, agile 2, berserk 1, blink, spiny 1
a: Blink, Berserk, Trog's Hand, Renounce Religion


You were on level 5 of the Dungeon.
You worshipped Trog.
Trog was most pleased with you.
You were not hungry.

You visited 2 branches of the dungeon, and saw 6 of its levels.

You collected 144 gold pieces.

Inventory:

Hand Weapons
 a - a +0 mace
 d - a +0 mace of protection (weapon)
Armour
 b - a +0 animal skin
 e - a cursed +1 chain mail (worn)
 p - a +0 cloak (worn)
Jewellery
 t - a ring of positive energy (left hand)
 y - a ring of see invisible (right hand)
Wands
 u - a wand of clouds (6)
Scrolls
 f - a scroll of enchant armour
 h - 3 scrolls of noise
 i - a scroll of magic mapping {unknown}
 j - a scroll of enchant weapon {unknown}
 k - a scroll of fog {unknown}
 l - 4 scrolls of identify
 n - 2 scrolls of teleportation {unknown}
 q - a scroll of amnesia {unknown}
 r - a scroll of remove curse {unknown}
Potions
 m - a potion of mutation
 o - a potion of haste {unknown}
 s - a potion of heal wounds {unknown}
 w - a potion of stabbing {unknown}
 x - a potion of resistance {unknown}
 z - a potion of cancellation {unknown}
Comestibles
 c - 5 rations
 v - a chunk of flesh


   Skills:
 + Level 5.1 Fighting
 + Level 6.4 Maces & Flails
 + Level 4.6 Armour
 - Level 1.7 Dodging
 + Level 0.6 Stealth


You had 6 spell levels left.
You didn't know any spells.
Your spell library contained the following spells:

 Spells                   Type           Power        Failure   Level  Hunger
 Animate Skeleton         Necr           N/A          99%         1    ##.....
 Apportation              Tloc           #.....       99%         1    ##.....
 Corona                   Hex            #......      99%         1    ##.....
 Summon Small Mammal      Summ           #...         99%         1    ##.....


Dungeon Overview and Level Annotations

Branches:
Dungeon (5/15)             Temple (1/1) D:4

Altars:
Cheibriados
Elyvilon
Kikubaaqudgha
Nemelex Xobeh
Qazlal
Wu Jian


Innate Abilities, Weirdness & Mutations

You have a pair of horns on your head.
You are partially covered in yellow scales. (AC +2)
You are partially covered in sharp spines.
You are very agile. (Dex +4)
You tend to lose your temper in combat.
You can translocate small distances at will.


Message History

You hit the sky beast but do no damage.
The sky beast is heavily wounded.
The sky beast is struck by your spines.
The sky beast hits you but does no damage.
You miss the sky beast. You headbutt the sky beast.
The sky beast is heavily wounded.
The sky beast is struck by your spines. The sky beast barely misses you.
You sock the sky beast!
You kill the sky beast!
Trog accepts your kill.
You feel your dexterity returning.
Really quaff the potion of mutation?
You feel extremely strange.
You feel a little pissed off.
You feel jittery.
You feel agile. x2
Okay, then.
Save game and exit?
Welcome back, BattleRest the Demonspawn Berserker.
Trog says: Kill them all!
Press ? for a list of commands and other information.
Are you sure you want to abandon this character and quit the game? (Confirm with "yes".)

####.#.......#
.....#...(...#
.....#.......# #
.....#.......# ..
.....#.......# ...
.....#.......### ....
.....#.........# .....
)....#.###.....#######......
..#.>.........(†@...(.......
.<#..#.###.....##########...
.(#..#.# #...... ..#..#.#
#....... ..#..#.# #........
..................
##############.... #.


There were no monsters in sight!

Vanquished Creatures
  Grinder (D:3)
  Menkaure (D:4)
  A sky beast (D:5)
  A centaur (D:5)
  A hound (D:4)
  A quasit (D:5)
  An orc priest (D:3)
  Jessica (D:3)
  Ijyb (D:4)
  An orc wizard (D:3)
  3 worker ants (D:4)
  Terence (D:3)
  9 adders
  2 oozes
  5 worms
  2 dart slugs
  4 leopard geckos
  6 orcs
  A giant cockroach (D:2)
  5 hobgoblins
  3 jackals (D:3)
  3 quokkas
  3 ball pythons
  7 bats
  5 frilled lizards
  4 goblins
  4 kobolds
  6 rats
83 creatures vanquished.

Vanquished Creatures (others)
  13 toadstools (D:5)
13 creatures vanquished.

Grand Total: 96 creatures vanquished

Notes
Turn   | Place    | Note
-------+----------+-------------------------------------------
     0 | D:1      | BattleRest the Demonspawn Berserker began the quest for the
                  | Orb.
     0 | D:1      | Reached XP level 1. HP: 18/18 MP: 1/1
   301 | D:1      | Reached skill level 3 in Maces & Flails
   301 | D:1      | Gained mutation: You are partially covered in sharp spines.
                  | [demonic ancestry]
   301 | D:1      | Reached XP level 2. HP: 24/24 MP: 2/2
   952 | D:2      | Gained mutation: You are partially covered in yellow
                  | scales. (AC +2) [demonic ancestry]
   952 | D:2      | Reached XP level 3. HP: 29/29 MP: 3/3
  1143 | D:2      | Reached XP level 4. HP: 37/37 MP: 4/4
  1194 | D:2      | Reached ** piety under Trog
  1564 | D:3      | Reached skill level 4 in Maces & Flails
  1564 | D:3      | Reached XP level 5. HP: 41/42 MP: 5/5
  1856 | D:3      | Noticed Jessica
  1866 | D:3      | Killed Jessica
  1868 | D:3      | Reached *** piety under Trog
  1915 | D:3      | Noticed Terence
  1926 | D:3      | Killed Terence
  1974 | D:3      | Found an ancient bone altar of Kikubaaqudgha.
  2075 | D:3      | Noticed Grinder
  2102 | D:3      | Killed Grinder
  2102 | D:3      | Reached skill level 5 in Maces & Flails
  2102 | D:3      | Gained mutation: You have a pair of small horns on your
                  | head. [demonic ancestry]
  2102 | D:3      | Reached XP level 6. HP: 26/49 MP: 6/6
  2361 | D:3      | Found a sparkling altar of Nemelex Xobeh.
  2519 | D:4      | Noticed Ijyb
  2528 | D:4      | Killed Ijyb
  2662 | D:4      | Found a stormy altar of Qazlal.
  2714 | D:4      | Gained mutation: You have a pair of horns on your head.
                  | [demonic ancestry]
  2714 | D:4      | Reached XP level 7. HP: 55/55 MP: 7/7
  2725 | D:4      | Found a snail-covered altar of Cheibriados.
  2740 | D:4      | Found a white marble altar of Elyvilon.
  2744 | D:4      | Found an ornate altar of the Wu Jian Council.
  2976 | D:4      | Found a staircase to the Ecumenical Temple.
  2994 | D:4      | Noticed Menkaure
  3011 | Temple   | Entered the Ecumenical Temple
  3418 | D:4      | Killed Menkaure
  3418 | D:4      | Reached skill level 6 in Maces & Flails
  3732 | D:5      | Entered Level 5 of the Dungeon
  3934 | D:5      | Reached skill level 5 in Fighting
  3947 | D:5      | Gained mutation: You tend to lose your temper in combat.
                  | [potion of mutation]
  3947 | D:5      | Gained mutation: You can translocate small distances at
                  | will. [potion of mutation]
  3947 | D:5      | Gained mutation: You are agile. (Dex +2) [potion of
                  | mutation]
  3947 | D:5      | Gained mutation: You are very agile. (Dex +4) [potion of
                  | mutation]
  3948 | D:5      | Quit the game

Illustrated notes

Levels and vault maps discovered:
D:1:      tarquinn_simple_flora_water_d, layout_loops_ring
D:2:      layout_basic
D:3:      layout_loops_cross, kiku_gazebo_garden_becter, first_ration,
          minmay_misc_feat_diagonals, nemelex_dance_club_becter, uniq_jessica,
          uniq_grinder, uniq_terence
D:4:      layout_loops_ring, cheibriados_altar_1, minitemple,
          minmay_temple_entry_antechambers, grunt_qazlal_sundering,
          uniq_menkaure, uniq_ijyb
D:5:      layout_basic, tgw_fedhas
Temple:   jpeg_temple_island

Skill      XL: |  1  2  3  4  5  6  7 |
---------------+----------------------+-----
Maces & Flails | 3 4 5 6 |  6.4
Armour         | 2 3 4 |  4.6
Fighting       | 4 5 |  5.1
Dodging        | |  1.7
Stealth        | |  0.6

Action                   |  1- 3 |  4- 6 |  7- 9 || total
-------------------------+-------+-------+-------++-------
Melee: Mace              |    69 |   123 |    43 ||   235
       Headbutt          |       |       |     7 ||     7
Invok: Berserk           |       |     2 |     1 ||     3
       Trog's Hand       |       |       |     1 ||     1
  Use: Scroll            |       |       |     4 ||     4
       Potion            |       |       |     1 ||     1
  Eat: Chunk             |     1 |     3 |     2 ||     6
       Ration            |       |     1 |     1 ||     2
Armor: Chain mail        |    33 |    78 |    38 ||   149
Dodge: Dodged            |    25 |    46 |    25 ||    96

Table legend:
 A = Non-vault XP
 B = Vault XP
 C = Vault XP percentage of total XP
 D = Non-vault monster count
 E = Vault monster count
 F = Vault count percentage of total count
                 A         B        C        D         E       F
            +---------+---------+-------+---------+---------+-------
      Total |     764 |     587 |  43.4 |      76 |       7 |   8.4
            +---------+---------+-------+---------+---------+-------
        D:1 |      23 |       0 |   0.0 |      14 |       0 |   0.0
        D:2 |      93 |       0 |   0.0 |      22 |       0 |   0.0
        D:3 |     159 |     379 |  70.4 |      24 |       5 |  17.2
        D:4 |     180 |     208 |  53.6 |      10 |       2 |  16.7
        D:5 |     309 |       0 |   0.0 |       6 |       0 |   0.0
            +---------+---------+-------+---------+---------+-------
